[Event "Arona Festival 2024"]
[Site "Arona Tenerife"]
[Date "2024.06.24"]
[Round "5.5"]
[White "Kazakouski, Valery"]
[Black "Ritviz, Parab"]
[Result "1-0"]
[ECO "A27"]
[WhiteElo "2603"]
[BlackElo "2334"]
[Annotator "TA"]
[PlyCount "111"]
[EventDate "2024.06.20"]
[EventType "swiss"]
[EventCountry "ESP"]
[SourceTitle "playchess.com"]
[Source "ChessBase"]
[SourceQuality "1"]
[TimeControl "5400+30"]

1. c4 e5 2. Nc3 Nc6 3. Nf3 f5 4. g3 Nf6 5. d4 e4 6. Nh4 {[%emt 0:00:00] A27: English Opening: Three Knights Variation.} Bb4 7. Nxf5 d5 8. Ne3 $1 (8. Nxg7+ Kf7 9. Bh6 dxc4 $17) 8... dxc4 9. d5 (9. Nxc4 Qxd4 10. Ne3 Qxd1+ (10... Bxc3+ 11. bxc3 Qxc3+ 12. Bd2 $15) 11. Nexd1 Nd4 $17) 9... Bxc3+ 10. bxc3 Ne7 11. Qa4+ Kf7 12. Qxc4 Nexd5 13. Nxd5 Qxd5 14. Qxc7+ Bd7 15. Bg2 Rhc8 $146 ({Predecessor:} 15... g5 16. c4 Qd4 17. Rb1 Rhc8 18. Qa5 Rc5 19. Qa3 Qxc4 20. O-O b6 21. f3 Ra5 {1-0 Matlakov,M (2683)-Wen,Y (2585) CHN-chT China 2018 (18.3)}) 16. Qf4 Rxc3 17. Bb2 g5 18. Qd2 Qxd2+ 19. Kxd2 Rc4 20. Rhc1 Rac8 21. Rxc4 Rxc4 22. e3 Ng4 23. Bd4 Bc6 (23... Nxf2 $2 {is the wrong capture.} 24. Rf1 $18 (24. Bxa7 Ra4 $11)) 24. h3 $1 Nh2 (24... Nxf2 $2 {too greedy.} 25. Rf1 $18 (25. Bxa7 Ra4 $11)) 25. Bxa7 Nf3+ 26. Bxf3 exf3 27. Bd4 Be4 28. Bc3 Rc6 29. a3 Rh6 30. Rh1 Rd6+ 31. Bd4 Rc6 32. Rd1 h5 33. g4 h4 34. Ke1 Ke6 35. a4 Rc4 36. a5 Rb4 37. Bb6 Kf7 38. Bd8 Rb5 39. Rd4 Bc6 40. e4 Re5 (40... Ke8 $14) 41. Kd2 $16 Bxe4 42. Bxg5 $1 Bc6 43. Bxh4 Rxa5 44. Ke3 Ra2 45. Bg3 Rc2 $2 (45... b5 $16 {was necessary.} 46. Rd6 Rc2) 46. h4 $18 b5 (46... Rc3+ {was worth a try.} 47. Kf4 b5) 47. h5 $18 Rc3+ (47... Be8 $142 48. g5 (48. Kxf3 Bc6+ 49. Ke3 Rc5 $18) 48... Rc5) 48. Kf4 $18 Rc4 49. Rxc4 bxc4 50. g5 c3 {[%emt 0:01:04] [#]} 51. g6+ $1 Kf6 {[%emt 0:00:20] [#]} 52. Bh4+ $1 Ke6 53. Bg5 c2 54. Kg4 Be4 55. Bc1 Kf6 56. Bb2+ 1-0

[Event "Arona Festival 2024"]
[Site "Arona Tenerife"]
[Date "2024.06.24"]
[Round "5.6"]
[White "Prraneeth Vuppala"]
[Black "Gupta, Abhijeet"]
[Result "0-1"]
[ECO "B92"]
[WhiteElo "2436"]
[BlackElo "2589"]
[Annotator "TA"]
[PlyCount "59"]
[EventDate "2024.06.20"]
[EventType "swiss"]
[EventCountry "ESP"]
[SourceTitle "playchess.com"]
[Source "ChessBase"]
[SourceQuality "1"]
[TimeControl "5400+30"]

1. e4 c5 2. Nf3 d6 3. d4 cxd4 4. Nxd4 Nf6 5. Nc3 a6 6. Be2 e5 7. Nb3 Be7 8. Be3 Be6 9. Nd5 Nbd7 10. Qd3 O-O 11. O-O Bxd5 12. exd5 h5 13. a4 Ng4 14. Bc1 Bg5 {[%emt 0:02:07] The position is equal.} 15. h3 Bxc1 16. Rfxc1 Ngf6 17. a5 g6 18. Ra3 Re8 19. Bf1 (19. c4 $14) 19... h4 20. Be2 e4 21. Qd4 Re5 22. c4 Rc8 23. Re1 e3 24. f3 g5 ({Black should play} 24... Nh5 $15) 25. Nc1 Nh5 26. Nd3 Re8 27. Bf1 (27. Bd1 $11) 27... Ng3 $17 28. Nc1 (28. Rxe3 $15 Rxe3 29. Qxe3 Rxc4 30. Nf2) 28... Ne5 {[%emt 0:02:31] Black is much more active. Excellent horsemanship.} 29. f4 $2 {[%emt 0:17:50][%mdl 8192] [#]} (29. Raxe3 $17 Nf5 (29... Qxa5 30. Bd3 $11) 30. Qd2) 29... Qf6 $1 $19 {[%emt 0:04:24][%cal Oe5f3] And now ...Nf3+! would win.} 30. Rd1 {Weighted Error Value: White=0.57/Black=0.09 (flawless) .  Loses game:     	White=1     	---        Mistake:       	White=3     	Black=1      Inaccurate:     	White=4     	---        OK:         	White=5     	Black=9      Best:        	---       	Black=2} (30. Qd1 gxf4) 0-1

[Event "Arona Festival 2024"]
[Site "Arona Tenerife"]
[Date "2024.06.24"]
[Round "5.7"]
[White "Gorshtein, Ido"]
[Black "Omelja, Artem"]
[Result "1-0"]
[ECO "D58"]
[WhiteElo "2563"]
[BlackElo "2435"]
[Annotator "TA"]
[PlyCount "81"]
[EventDate "2024.06.20"]
[EventType "swiss"]
[EventCountry "ESP"]
[SourceTitle "playchess.com"]
[Source "ChessBase"]
[SourceQuality "1"]
[TimeControl "5400+30"]

1. d4 d5 2. c4 e6 3. Nc3 Nf6 4. Bg5 Be7 5. e3 h6 6. Bh4 O-O 7. Nf3 b6 8. Rc1 Bb7 9. Bxf6 Bxf6 10. cxd5 exd5 11. Be2 a6 12. O-O Qd6 13. a3 Nd7 {[%emt 0:03:27] The position is equal.} 14. b4 Be7 15. Qb3 Qe6 16. b5 a5 17. a4 Bd6 18. Rfd1 Rad8 19. Bf1 Rfe8 20. g3 Nf6 21. Bg2 Ne4 22. Rc2 (22. Nxe4 {simplifies} dxe4 23. Qxe6 Rxe6 24. Nd2) 22... Re7 23. Rdc1 f6 {[%emt 0:07:54] White leaves nothing to chance now.} (23... g6 $11 {remains equal.}) 24. Nxe4 $16 dxe4 25. Qxe6+ Rxe6 26. Nh4 Bd5 27. Bh3 Re7 (27... Ree8 $16 {was called for.}) 28. Nf5 $18 Rf7 29. Nxd6 cxd6 {[%emt 0:00:16] [#]} 30. Bf5 $1 Re7 31. h4 Kf8 32. h5 Bf7 33. g4 d5 $2 (33... Bb3 34. Rc6 Bxa4) 34. Kg2 {[%emt 0:02:32] White is clearly winning.} Rb7 35. Kg3 Be8 36. Kf4 Ke7 37. Rc7+ Rxc7 38. Rxc7+ Kf8 39. Rb7 Rd6 40. Bg6 {[%emt 0:01:10] [#] Rb8 would now be deadly.} Bd7 41. Rb8+ {[%emt 0:00:09] Weighted Error Value: White=0.07 (flawless) /Black=0.37.  Mistake:       	---       	Black=3      Inaccurate:     	White=1     	Black=3      OK:         	White=9     	Black=6      Best:        	White=2     	Black=1} 1-0

[Event "Arona Festival 2024"]
[Site "Arona Tenerife"]
[Date "2024.06.24"]
[Round "5.8"]
[White "Socko, Bartosz"]
[Black "Dhulipalla Bala Chandra Prasad"]
[Result "1/2-1/2"]
[ECO "C45"]
[WhiteElo "2556"]
[BlackElo "2420"]
[Annotator "TA"]
[PlyCount "104"]
[EventDate "2024.06.20"]
[EventType "swiss"]
[EventCountry "ESP"]
[SourceTitle "playchess.com"]
[Source "ChessBase"]
[SourceQuality "1"]
[TimeControl "5400+30"]

1. e4 e5 2. Nf3 Nc6 3. d4 exd4 4. Nxd4 Nf6 5. Nxc6 bxc6 6. Bd3 d5 7. exd5 cxd5 8. O-O Be7 9. c4 d4 {[%emt 0:00:03] C45: Scotch Game.} 10. Nd2 O-O 11. Ne4 Nxe4 12. Bxe4 Rb8 13. Re1 $146 ({Predecessor:} 13. Qd3 h6 14. b3 Bb7 15. Bxb7 Rxb7 16. Bd2 Bb4 17. Bxb4 Rxb4 18. Rfe1 a5 19. Re5 {½-½ Chigaev,M (2615)-Matlakov,M (2674) AI Cup Play In Match rapid 2023 (1.1)}) 13... Bb4 14. Bd2 Bxd2 15. Qxd2 Qd6 16. Qc2 g6 17. c5 Qf6 18. Rab1 Rd8 19. b4 Bf5 20. Bxf5 Qxf5 21. Qxf5 gxf5 22. Red1 a5 23. a3 axb4 24. axb4 Kg7 25. Kf1 Kf6 26. Ke2 Ke5 27. b5 Kd5 28. b6 c6 29. Rdc1 Ra8 30. Rb4 Re8+ 31. Kf3 Ra3+ 32. Kf4 Rc3 (32... Ra2 $11) 33. Ra1 $1 $14 (33. Rxc3 $2 dxc3 34. Rb3 Kc4 $19 (34... Kxc5 35. Rxc3+ Kxb6 36. Rb3+ Ka5 37. Rb7 $11)) 33... Rc4 (33... Kxc5 34. b7 Kxb4 35. Ra8 $18) 34. Rbb1 (34. Rxc4 $16 Kxc4 35. Rc1+ (35. Kxf5 d3 $17) 35... Kb3 36. b7 (36. Kxf5 $2 d3 $19)) 34... d3+ $1 $11 35. Kxf5 Rxc5 (35... Kxc5 36. b7 Rc2 (36... Rb8 $2 37. Ra8 $18) 37. Ra8 (37. b8=B Rxf2+ 38. Bf4 Kd4 $16) (37. b8=Q Rxb8 38. Rxb8 Rxf2+ 39. Ke4 Rxg2 $18) (37. b8=R Rxf2+ 38. Kg4 Rxb8 $18) 37... Rxf2+ 38. Kg4 Rxg2+ 39. Kf3 $18) 36. Kf6 ({White should play} 36. b7 $11 Kd6+ 37. Kf4) 36... Kd6 (36... Rb5 $1 $15 37. Kxf7 (37. Rxb5+ cxb5 38. Ra7 Re6+ 39. Kg7 Rxb6 $19) 37... Rxb1 38. Rxb1 Rb8) 37. Rb3 $1 $14 Rd5 (37... Re6+ $14 38. Kg7 Rg5+ 39. Kf8 (39. Kxh7 $2 {too greedy.} Ke7 $19) (39. Kxf7 Rf5+ 40. Kg8 d2 $11) 39... Rb5 40. Rxd3+ Kc5) 38. Rd1 $1 $16 ({Reject} 38. Kxf7 $6 Rd8 39. Rd1 Ke5 $11) 38... Kc5 (38... d2 $16 {was necessary.}) 39. Rdxd3 $18 ({Don't play} 39. Rbxd3 $6 Re2 $16) 39... Rxd3 40. Rxd3 Kxb6 {[%emt 0:00:04] [#]} 41. Kxf7 ({White should try} 41. f4 $1 $18) 41... Re2 $14 {[%emt 0:00:29] [#]} 42. Rf3 $2 (42. f4 $1 $18 ) 42... c5 $11 43. g4 c4 44. g5 ({Better is} 44. h4 $16) 44... c3 $11 45. h4 c2 46. Rc3 Rxf2+ 47. Kg7 Rh2 48. Kxh7 Rxh4+ 49. Kg7 (49. Kg6 $5 Rh2 $8 50. Kg7 $11) 49... Rh2 50. g6 Kb5 51. Rc8 Kb4 52. Kf7 Rf2+ 1/2-1/2

[Event "Arona Festival 2024"]
[Site "Arona Tenerife"]
[Date "2024.06.24"]
[Round "5.9"]
[White "Erdos, Viktor"]
[Black "Socko, Monika"]
[Result "1/2-1/2"]
[ECO "D38"]
[WhiteElo "2539"]
[BlackElo "2416"]
[Annotator "TA"]
[PlyCount "65"]
[EventDate "2024.06.20"]
[EventType "swiss"]
[EventCountry "ESP"]
[SourceTitle "playchess.com"]
[Source "ChessBase"]
[SourceQuality "1"]
[TimeControl "5400+30"]

1. d4 e6 2. Nf3 Nf6 3. c4 d5 4. Nc3 Bb4 5. Bg5 O-O 6. e3 c5 7. cxd5 exd5 8. Bd3 c4 9. Bc2 Nc6 {[%emt 0:00:24] White is slightly better.} 10. O-O Bxc3 11. bxc3 Re8 {[%emt 0:00:35] Prevents Ne5} 12. Nd2 h6 13. Bh4 Qd6 (13... b5 $14) 14. Re1 g5 15. Bg3 Qa3 16. Rc1 Bg4 17. f3 Be6 (17... Bh5 $16) 18. Bb1 $18 b5 19. e4 Qf8 20. Nf1 Rad8 21. Bf2 a5 (21... Nh5 $16) 22. Ng3 dxe4 (22... b4 $16 {is a better defense.} 23. h3 Kh8) 23. fxe4 Ne5 24. Qe2 Bg4 25. Qf1 Ng6 26. Be3 Nh5 {[%emt 0:08:47] [#]} 27. Nxh5 Bxh5 {[%emt 0:00:02] [#]} 28. a4 bxa4 $16 29. Qxc4 a3 30. Rf1 (30. e5 $16) 30... Nh4 ({Black should try} 30... Rb8 $14) 31. e5 {[%emt 0:00:30] Rf6 would now be deadly.} Rb8 $1 32. Bf2 {[%emt 0:03:54] Chess con chili.} (32. Be4 $16) 32... Rb2 $14 33. Bd3 {[%emt 0:00:35] Wards off Be2.   Weighted Error Value: White=0.19 (very precise) /Black=0.18 (very precise) .  Mistake:       	White=3     	Black=5      Inaccurate:     	White=2     	---        OK:         	White=10    	Black=7      Best:        	White=1     	Black=2      Strong:       	---       	Black=1} ({Worse is} 33. Bxh4 Be2 34. Qd5 (34. Bh7+ $2 Kxh7 35. Rxf7+ Kg6 $19) 34... Bxf1 (34... gxh4 35. Rf2 $16) 35. Rxf1 gxh4 $19) 1/2-1/2

[Event "Arona Festival 2024"]
[Site "Arona Tenerife"]
[Date "2024.06.25"]
[Round "6.1"]
[White "Gorshtein, Ido"]
[Black "Paichadze, Luka"]
[Result "1-0"]
[ECO "E11"]
[WhiteElo "2563"]
[BlackElo "2504"]
[Annotator "TA"]
[PlyCount "101"]
[EventDate "2024.06.20"]
[EventType "swiss"]
[EventCountry "ESP"]
[SourceTitle "playchess.com"]
[Source "ChessBase"]
[SourceQuality "1"]
[TimeControl "5400+30"]

1. d4 Nf6 2. c4 e6 3. Nf3 Bb4+ 4. Nbd2 d5 5. Qa4+ Nc6 6. e3 {[%emt 0:00:08] E11: Bogo-Indian.} a5 7. a3 Be7 8. b4 dxc4 9. b5 Na7 10. Nxc4 Bd7 $146 ({Predecessor:} 10... O-O 11. Bd3 b6 12. Nce5 Bb7 13. O-O Be4 14. Bd2 Bxd3 15. Nxd3 Ne4 16. Qb3 Qd7 {½-½ Diaz,H (2262)-Nekhaev,A (2453) olm22 sf05 email 2020 [3]}) 11. Nce5 Nc8 12. Bd3 O-O 13. Bb2 Be8 14. Qc2 Na7 15. a4 ({Better is} 15. Ng5 $1 $16) 15... c6 $11 16. g4 cxb5 (16... g6 $11) 17. g5 $14 Rc8 18. Qb1 $1 Nd5 (18... Bb4+ $11 19. Kf1 Nh5) 19. Bxh7+ $16 Kh8 20. Rg1 $1 g6 21. Qe4 $1 Kxh7 22. Qh4+ Kg8 23. Rg3 $1 Nf6 (23... bxa4 24. Rh3 Bb4+ 25. Kd1 Nxe3+ 26. fxe3) 24. gxf6 Bxf6 {[%emt 0:00:01] [#]} 25. Ng5 (25. Qh6 $1 $18 {Hoping for Rh3.} Bg7 (25... bxa4 $2 26. Rh3 $18) 26. Qh3) 25... Bxg5 $16 26. Rxg5 Nc6 27. Nxf7 Rxf7 (27... Bxf7 $2 28. d5 (28. axb5 $2 Nb4 $19) 28... e5 29. dxc6 $18) 28. Rxg6+ Rg7 29. Rxg7+ Kxg7 30. d5+ e5 {[%emt 0:00:10] [#]} 31. Qg3+ ({White should try} 31. Qg4+ $1 $16 Kf8 32. Qf5+ (32. dxc6 Rxc6 33. Qf5+ Qf6 $16) 32... Bf7 33. dxc6 Rxc6 34. Qxe5 (34. axb5 Rg6 $14)) 31... Kf7 $11 32. dxc6 Bxc6 $2 (32... Rxc6 $11 {and Black has nothing to worry.} 33. Qxe5 (33. Bxe5 Rg6 $11) 33... Rg6) 33. Qxe5 ({Don't take} 33. Bxe5 $6 Qf8) 33... Qd5 34. Qf6+ (34. Qxd5+ Bxd5 35. axb5 Rc2 $16) 34... Ke8 35. Qg6+ Qf7 36. Qxf7+ Kxf7 37. axb5 Bxb5 38. Rxa5 Ba6 39. Rd5 Rc2 40. Rd2 Rxd2 $2 (40... Rc6 41. f3 Rc5) 41. Kxd2 $18 Kg6 42. e4 Kg5 43. Ke3 Bb5 44. f4+ Kg4 45. f5 Bc6 46. h3+ Kg5 47. Kf3 b5 48. Bc3 Be8 49. Bd2+ Kh4 50. Kf4 Kxh3 51. e5 1-0

[Event "Arona Festival 2024"]
[Site "Arona Tenerife"]
[Date "2024.06.25"]
[Round "6.2"]
[White "Pichot, Alan"]
[Black "Sosa, Tomas"]
[Result "1/2-1/2"]
[ECO "C84"]
[WhiteElo "2640"]
[BlackElo "2535"]
[Annotator "TA"]
[PlyCount "99"]
[EventDate "2024.06.20"]
[EventType "swiss"]
[EventCountry "ESP"]
[SourceTitle "playchess.com"]
[Source "ChessBase"]
[SourceQuality "1"]
[TimeControl "5400+30"]

1. e4 e5 2. Nf3 Nc6 3. Bb5 a6 4. Ba4 Nf6 5. O-O Be7 6. d3 b5 7. Bb3 d6 8. a3 Bg4 9. Be3 {[%emt 0:03:48] Against Nd4} d5 10. Nbd2 {[%emt 0:19:17] White has an edge.} O-O 11. h3 Bh5 12. g4 Bg6 13. Nh4 dxe4 14. dxe4 Nd4 15. Nxg6 hxg6 16. Ba2 c5 17. c3 Nc6 18. g5 $1 Nh5 19. Bd5 Rc8 20. Qg4 Kh7 (20... Qc7 $142) 21. Nf3 $16 {[%emt 0:05:55] White has more active pieces.} f5 $2 (21... Bd6 $16 {is a better defense.} 22. Nh4 Ne7) 22. gxf6 Bxf6 23. Rad1 (23. Bxc5 Ne7 $16) 23... Qe7 24. Kh1 Qe8 25. Be6 {[%emt 0:08:40] A strong pair of Bishops.} (25. Bxc5 Ne7 $18) 25... Rc7 {[%emt 0:00:16] Repels Bd7} 26. Rg1 ({But not} 26. Bxc5 Be7 $18) 26... Ne7 27. Rd7 Rxd7 28. Bxd7 Qa8 29. Bxc5 Nf4 {[%emt 0:00:07] [#]} 30. Bxe7 (30. Ng5+ $1 $18 Bxg5 31. Qxg5) 30... Bxe7 {[%emt 0:00:02] [#]} 31. Bf5 $1 Rf6 32. Kh2 Qa7 33. Qh4+ (33. Nxe5 $5 Qxf2+ 34. Kh1 $14) 33... Kg8 {[%emt 0:00:03] The position is equal.} 34. Ng5 $1 Nh5 $1 ({Worse is} 34... gxf5 35. Qh7+ Kf8 36. Qh8#) 35. Rg2 Qb6 $1 36. b4 (36. Qg4 $5) 36... Qa7 37. Kg1 {[%emt 0:00:10][%cal Of5g6] Hoping for Bxg6!} Qc7 $1 38. Bxg6 Rxg6 39. Qxh5 {[%emt 0:00:03] Qh7+ would kill now.} Rxg5 40. Rxg5 Bxg5 41. Qxg5 {[%emt 0:00:04] Strongly threatening Qg3.} Qxc3 $11 {[%emt 0:00:05][%mdl 4096] Endgame. KQ-KQ} 42. Qd8+ Kh7 43. Qh4+ Kg8 44. Qg4 Qxa3 45. Qe6+ Kh7 46. Qxe5 Qxb4 47. Qf5+ Kg8 48. Qe6+ Kh7 49. Qf5+ Kg8 50. Qe6+ {[%emt 0:00:35] Blacks defense is rewarded with a draw.   Weighted Error Value: White=0.20 (precise) /Black=0.20 (precise) .  Loses game:     	---       	Black=1      Mistake:       	White=1     	Black=1      Inaccurate:     	White=5     	Black=3      OK:         	White=10    	Black=20     Best:        	White=1     	Black=4      Strong:       	White=2     	Black=3      Brilliant:      	White=1     	---} 1/2-1/2

[Event "Arona Festival 2024"]
[Site "Arona Tenerife"]
[Date "2024.06.25"]
[Round "6.3"]
[White "Xue, Haowen"]
[Black "Kazakouski, Valery"]
[Result "1-0"]
[ECO "A13"]
[WhiteElo "2452"]
[BlackElo "2603"]
[Annotator "TA"]
[PlyCount "125"]
[EventDate "2024.06.20"]
[EventType "swiss"]
[EventCountry "ESP"]
[SourceTitle "playchess.com"]
[Source "ChessBase"]
[SourceQuality "1"]
[TimeControl "5400+30"]

1. c4 e6 2. Nf3 Nf6 3. g3 d5 4. Bg2 d4 5. O-O c5 6. e3 Nc6 {[%emt 0:00:10] A13: English Opening: 1...e6.} 7. d3 Bd6 8. exd4 cxd4 9. Bg5 h6 10. Bxf6 Qxf6 11. Nbd2 Qe7 12. Re1 O-O 13. Nb3 Qf6 14. c5 Bc7 15. Rc1 Rd8 16. a3 a5 17. Nbd2 Qe7 18. Ne4 Bd7 19. Rc4 Be8 20. Qe2 $146 ({Predecessor:} 20. Ned2 a4 21. Ne4 Na5 22. Rxd4 Nb3 23. Rxd8 Rxd8 24. d4 Ba5 25. Re3 Nxc5 26. Nxc5 Qxc5 27. b4 axb3 28. Rxb3 {0-1 Shevchenko,K (2649)-Salem,A (2677) MrDodgy Online Inv Gp-B 3rd blitz 2022 (11)}) 20... Ra6 21. Rec1 Bb8 22. Qc2 Kh7 23. Qd1 f5 24. Ned2 e5 25. Nh4 g6 26. Qe1 Bf7 27. Ra4 Bd5 28. Bxd5 Rxd5 29. Rac4 Na7 30. Nb3 Qd8 31. Qd1 Re6 32. c6 Rxc6 (32... Nxc6 33. Nc5 Rf6 (33... Re7 34. Nxb7 Rxb7 35. Rxc6 $14) 34. Nxb7 $11) 33. Rxc6 Nxc6 34. Nc5 $1 Qb6 35. b4 Ne7 (35... axb4 36. Qb3 Ne7 (36... Rxc5 37. Qf7+ Kh8 38. Nxg6#) 37. Nd7 $16) 36. bxa5 Qxa5 37. Qb3 Qc7 (37... Rxc5 38. Qf7+ Kh8 39. Qf8+ (39. Nxg6+ Nxg6 40. Qf6+ Kh7 $11) 39... Kh7 40. Qxe7+ Kg8 41. Rxc5 (41. Qxc5 Qxc5 42. Rxc5 Kf7 $18) (41. Qxc5 Qxc5 42. Rxc5 Bd6 $18)) 38. Rc2 Qd6 (38... Rxc5 $11 {keeps the balance.} 39. Qf7+ Kh8 40. Rxc5 (40. Qf8+ Kh7 $11) 40... Qxc5) 39. Nxb7 $16 Qf6 {[%emt 0:00:06] [#]} 40. Rc8 (40. Rc5 $1 $14 Rd7 41. Ra5) 40... Nxc8 $11 41. Qxd5 Nb6 (41... Ne7 $1 $11 42. Qd7 e4) 42. Qb3 $16 e4 43. dxe4 (43. Nc5 $16 g5 44. Ng2) 43... fxe4 $14 44. Nc5 e3 $1 45. fxe3 Ba7 (45... dxe3 $14 46. Ne4 Qe7) 46. Ne4 $18 Qe7 47. exd4 $1 Nd7 (47... Kg7 $142) 48. Qd5 $18 Ne5 49. Nf2 Nd7 50. Nf3 Nf6 51. Qc6 Kg7 52. Kg2 h5 53. Ng5 Kh6 54. Ne6 Bb8 55. Qc8 Bd6 $2 (55... g5 56. Nxg5 Bxg3) 56. Qh8+ $18 Nh7 57. d5 Bxa3 58. Ne4 (58. g4 $142 g5 59. gxh5 Kxh5 60. Qg8) 58... Qb7 59. N6g5 Bf8 60. Qxh7+ Qxh7 61. Nxh7 Kxh7 62. d6 Kg7 63. d7 1-0

[Event "Arona Festival 2024"]
[Site "Arona Tenerife"]
[Date "2024.06.25"]
[Round "6.4"]
[White "Gupta, Abhijeet"]
[Black "David, Alberto"]
[Result "0-1"]
[ECO "E12"]
[WhiteElo "2589"]
[BlackElo "2502"]
[Annotator "TA"]
[PlyCount "63"]
[EventDate "2024.06.20"]
[EventType "swiss"]
[EventCountry "ESP"]
[SourceTitle "playchess.com"]
[Source "ChessBase"]
[SourceQuality "1"]
[TimeControl "5400+30"]

1. d4 Nf6 2. c4 e6 3. Nf3 b6 4. a3 Bb7 5. Nc3 d5 6. cxd5 Nxd5 7. e3 g6 8. h4 Nd7 9. h5 {[%emt 0:01:53] With the idea hxg6.} Nxc3 10. bxc3 g5 {[%emt 0:02:02] [#] The position is equal.} 11. e4 $1 Rg8 (11... g4 12. Nd2) 12. Bd3 g4 13. Ng1 Qf6 14. Ne2 O-O-O 15. Qc2 Bd6 (15... g3 $11 16. Nxg3 (16. fxg3 e5 $14) 16... Bd6) 16. a4 $14 {[%emt 0:19:45] Black should prevent a5.} a5 17. Bb5 ({White should try} 17. Be3 $11) 17... g3 {[%emt 0:02:36] Black is more active.} (17... Qe7 $1 $15) 18. f3 $11 Rg4 19. Bxd7+ ({White should play} 19. fxg4 $16 Qf2+ 20. Kd1 Qxg2 21. Rg1) 19... Rxd7 $14 20. e5 Bxe5 21. dxe5 (21. fxg4 $2 Bxg2 22. Be3 Bxh1 23. dxe5 Qf3 $19 (23... Qxe5 24. Bd4 $11)) 21... Rh4 22. Rxh4 (22. exf6 $2 {loses.} Rxh1+ $19) 22... Qxh4 23. Be3 $1 {[%emt 0:00:05] next h6 is good for White.} (23. Qxh7 $2 {is a self mate.} Qh1+) 23... Qh1+ 24. Ng1 {[%emt 0:00:05] aiming for h6.} Qxh5 25. f4 Qh1 $36 {[%emt 0:00:04][%mdl 2048] Black is more active.} 26. Kf1 (26. Ra2 $1 $11) 26... h5 $1 $19 ({Stronger than} 26... Ba6+ 27. c4 $11) 27. c4 $2 {[%emt 0:01:36] [#]} (27. Qe2) 27... h4 $1 {[%emt 0:00:11][%cal Oh4h3] Black is clearly winning.} 28. Rc1 {[%emt 0:01:00] [#]} h3 $1 29. gxh3 {[%emt 0:00:30] [#]} Be4 $1 30. Qa2 Bd3+ 31. Ke1 Qe4 32. Qd2 {[%emt 0:00:06] Weighted Error Value: White=0.63/Black=0.16 (very precise) .  Loses game:     	White=1     	---        Mistake:       	White=3     	Black=3      Inaccurate:     	White=1     	Black=1      OK:         	White=5     	Black=9      Best:        	White=2     	Black=2      Strong:       	White=1     	Black=2} 0-1

[Event "Arona Festival 2024"]
[Site "Arona Tenerife"]
[Date "2024.06.25"]
[Round "6.5"]
[White "Sankalp Gupta"]
[Black "Kantor, Gergely"]
[Result "1-0"]
[ECO "C54"]
[WhiteElo "2552"]
[BlackElo "2528"]
[Annotator "TA"]
[PlyCount "179"]
[EventDate "2024.06.20"]
[EventType "swiss"]
[EventCountry "ESP"]
[SourceTitle "playchess.com"]
[Source "ChessBase"]
[SourceQuality "1"]
[TimeControl "5400+30"]

1. e4 e5 2. Nf3 Nc6 3. Bc4 Nf6 4. d3 Bc5 5. c3 O-O 6. O-O d6 7. Bg5 h6 8. Bh4 a5 {[%emt 0:00:21] C54: Giuoco Piano: 4 c3 Nf6, main lines with 5 d4 and 5 d3.} 9. Nbd2 g5 10. Bg3 Ba7 11. Re1 {[%emt 0:00:54] 11.Bb3 is vanishing.} Nh7 12. h3 {[%emt 0:02:59] 12.h3 was played by the boomers.} h5 13. d4 Qf6 14. Bb5 h4 15. Bh2 g4 16. hxg4 Bxg4 17. Bxc6 bxc6 18. dxe5 Qg7 19. exd6 Ng5 $146 ({Predecessor:} 19... cxd6 20. Qe2 Rab8 21. b3 h3 22. Qf1 Qh6 23. Nc4 Qh5 24. Bxd6 Kh8 25. Nd4 Rg8 {0-1 Laine,E (2142)-Lelito,J W-ch WS/M/862 email 2022}) 20. Be5 Qg6 21. Bd4 Nh3+ 22. Kh2 Nf4 23. Bxa7 Rxa7 24. Ne5 Bxd1 25. Nxg6 fxg6 26. Rexd1 cxd6 27. Nc4 d5 28. exd5 Nxd5 29. Rd2 Re8 30. Rad1 a4 31. Rd4 g5 32. a3 Kg7 33. R1d2 Re1 34. Nd6 Nf6 35. Nf5+ Kg6 36. Ne3 Kh5 37. Rc4 Re7 38. Rxc6 Ne4 39. Rd8 Rh7 40. Nd5 Rh6 $1 41. Rxh6+ Kxh6 42. g3 (42. f3 $1 $16 Nf2 43. g3) 42... Re2 43. gxh4 g4 (43... Rxf2+ $11 44. Kh3 Rxb2) 44. Kg1 $16 Nxf2 45. Rd6+ Kg7 46. Rd7+ (46. Kf1 $16 Rxb2 47. h5) 46... Kh6 $14 47. Rd6+ ({Better is} 47. Nf4 $1 $14 Nh3+ 48. Nxh3 gxh3 49. Rd3) 47... Kg7 $16 48. Nf4 ({White should try} 48. Kf1 $16 Rxb2 49. h5) 48... Rxb2 $14 49. Rd4 (49. Nh5+ $14 Kh7 50. Rd4) 49... Kf6 $11 50. Nd5+ Ke5 (50... Kg6 $11 {remains equal.}) 51. Ne3 $1 $16 Nh3+ ({Black should play} 51... Ra2) 52. Kf1 $1 $16 Rb1+ 53. Rd1 (53. Kg2 $16 Nf4+ 54. Kf2) 53... Rxd1+ 54. Nxd1 Nf4 $1 55. Kf2 Nh5 $1 56. Ke3 (56. Kg2 $14) 56... Kd5 $2 (56... Nf4 $11) 57. Nb2 $18 g3 58. Kf3 Kc5 59. Nxa4+ Kc4 60. Nb2+ Kxc3 61. Nd1+ Kb3 62. Ne3 Kxa3 63. Kg4 Nf6+ 64. Kxg3 Kb4 65. Kf4 Kc5 66. Kf5 Nh5 67. Kg5 Ng7 68. Kg6 $1 Ne6 {[%emt 0:00:06] [#]} 69. Ng2 $1 Kd6 {[%emt 0:00:33] [#]} 70. h5 $2 (70. Kf6 $1 {mates} Nf8 71. h5 Nd7+ 72. Kg7 Ke5 73. h6 Nf6 74. Ne3 Nh5+ 75. Kf7) 70... Nf8+ $2 (70... Ke7 $11) 71. Kg7 Ke7 72. Nf4 Nd7 73. h6 Nf6 74. Nd5+ Nxd5 75. h7 Nc7 76. h8=Q ({Not} 76. h8=R Ke6 $14) 76... Ne6+ 77. Kg6 Nf8+ 78. Kf5 Nd7 79. Qg7+ Kd6 80. Qd4+ Kc6 81. Qc4+ Kd6 82. Qe6+ Kc7 83. Qd5 Nb8 84. Ke6 Nc6 85. Qc5 Kb7 86. Kd6 Nb8 87. Qb5+ Ka7 88. Kc7 Na6+ 89. Kc8 Nc5 90. Qc6 1-0